 Dungeon Crawl Stone Soup version 0.23-a0-473-gc8aadda (webtiles) character file.

4563 tatocazan the Fencer (level 10, -5/94 HPs)
             Began as a Minotaur Fighter on Nov 27, 2018.
             Was a Believer of Okawaru.
             Slain by a hell rat (6 damage)
             ... summoned by a deep elf mage
             ... on level 8 of the Dungeon.
             The game lasted 00:20:52 (9375 turns).

tatocazan the Fencer (Minotaur Fighter)             Turns: 9375, Time: 00:20:52

Health: -5/94      AC:  9    Str: 20    XL:     10   Next: 18%
Magic:  9/9        EV:  6    Int:  5    God:    Okawaru [**....]
Gold:   410        SH:  8    Dex: 14    Spells: 9/9 levels left

rFire    + . .     SeeInvis .   a - +1 long sword
rCold    . . .     Gourm    .   c - +0 shield
rNeg     . . .     Faith    .   b - +0 scale mail
rPois    .         Spirit   .   (helmet restricted)
rElec    .         Reflect  .   (no cloak)
rCorr    .         Harm     .   p - +2 pair of gloves
MR       .....                  (no boots)
Stlth    ..........             l - amulet of rage
HPRegen  0.25/turn              k - ring of protection from fire
MPRegen  0.11/turn              (no ring)

@: studying Long Blades, heavily drained
A: retaliatory headbutt, horns 2
a: Heroism, Renounce Religion, Evoke Berserk Rage


You were on level 8 of the Dungeon.
You worshipped Okawaru.
Okawaru was pleased with you.
You were not hungry.

You visited 2 branches of the dungeon, and saw 9 of its levels.

You collected 410 gold pieces.

Inventory:

Hand Weapons
 a - a +1 long sword (weapon)
 n - a +0 whip of electrocution
 s - a +2 whip of draining
Armour
 b - a +0 scale mail (worn)
 c - a +0 shield (worn)
 p - a +2 pair of gloves (worn)
 t - the +0 cloak of the Bagpipe {MR+ Dex-3 SInv Stlth+}
   (You found it on level 5 of the Dungeon)

   It affects your dexterity (-3).
   It affects your resistance to hostile enchantments.
   It lets you see invisible.
   It makes you more stealthy.
Jewellery
 k - a ring of protection from fire (left hand)
 l - an amulet of rage (around neck)
Wands
 d - a wand of random effects (35)
 D - a wand of flame (22)
Scrolls
 e - 3 scrolls of remove curse
 h - 8 scrolls of identify
 j - a scroll of enchant weapon
 q - 2 scrolls of teleportation {unknown}
 w - 4 scrolls of fog {unknown}
 x - 4 scrolls of enchant armour {unknown}
 B - a scroll of amnesia {unknown}
Potions
 g - 3 potions of heal wounds {unknown}
 i - 2 potions of resistance {unknown}
 o - a potion of ambrosia {unknown}
 r - 2 potions of brilliance {unknown}
 u - a potion of magic {unknown}
 v - 3 potions of flight
 z - 2 potions of degeneration {unknown}
 A - a potion of haste {unknown}
Books
 y - a manual of Long Blades
Comestibles
 f - 10 rations


   Skills:
 + Level 10.8(8.3) Fighting
 * Level 16.6(13.8) Long Blades
 - Level 3.6(1.6) Armour
 - Level 3.6(1.6) Shields


You had 9 spell levels left.
You didn't know any spells.
Your spell library contained the following spells:

 Spells                   Type           Power        Failure   Level  Hunger
 Flame Tongue             Conj/Fire      #....        100%        1    ##.....
 Summon Small Mammal      Summ           #...         100%        1    ##.....
 Call Imp                 Summ           #.......     100%        2    ###....
 Throw Flame              Conj/Fire      #.....       100%        2    ###....
 Call Canine Familiar     Summ           #.......     100%        3    ####...
 Conjure Flame            Conj/Fire      #.......     100%        3    ####...
 Inner Flame              Hex/Fire       #.......     100%        3    ####...
 Summon Guardian Golem    Hex/Summ       #.......     100%        3    ####...
 Sticky Flame             Conj/Fire      #.......     100%        4    #####..
 Summon Ice Beast         Ice/Summ       #.......     100%        4    #####..
 Summon Lightning Spire   Summ/Air       #.......     100%        4    #####..
 Fireball                 Conj/Fire      #.........   100%        5    ######.


Dungeon Overview and Level Annotations

Branches:
Dungeon (8/15)             Temple (1/1) D:6
   Lair: D:8-11

Altars:
Dithmenos
Elyvilon
Gozag
Hepliaklqana
Kikubaaqudgha
Makhleb
Nemelex Xobeh
Okawaru
Qazlal
Sif Muna
Trog
Vehumet
Wu Jian
Xom
Yredelemnul
Zin
The Shining One

Annotations:
D:2 2 transporters, Menkaure


Innate Abilities, Weirdness & Mutations

You reflexively headbutt those who attack you in melee.
You have a pair of horns on your head.


Message History

You headbutt the hell rat, but do no damage.
The hell rat bites you!
* * * LOW HITPOINT WARNING * * *
You take 30 damage, and have 18/94 hp.
MASSIVE DAMAGE!!
You feel sick. You block the jumping spider's attack.
The jumping spider closely misses you. The hell rat bites you!
* * * LOW HITPOINT WARNING * * *
You feel drained.
The jumping spider pounces on you but does no damage.
You block the jumping spider's attack. The orange demon stings you from afar.
* * * LOW HITPOINT WARNING * * *
You are more poisoned.
The orange demon poisons you!
You take 15 damage, and have 3/94 hp.
You feel better.
The jumping spider leaps!
The deep elf mage mumbles some strange words.
The hell rat bites you!
* * * LOW HITPOINT WARNING * * *
You feel drained.
You die...

###### ####### ###
#..(.######.....#####.#
#.(..(.((.(...........#
#..###########.######.#
#....s.......#.# #.#
#........§@r.#.######÷####
######..8######rr'#..#........#
..............'..4#..#........#
.......(.....e'...#..#........#
.##.###(......'...#...........#
#.###.8######'''#.#...†.....#
####.#..(..........#...........#
...#.#.............#...........#
##.#.#.#.###########†#.####+####


You could see an orange demon, a deep elf mage, a jumping spider and 3 hell
rats.

Vanquished Creatures
  Grinder (D:6)
  A hippogriff (D:8)
  Sigmund (D:6)
  A wyvern (D:8)
  A hungry ghost (D:8)
  3 black bears
  2 sky beasts
  3 orc warriors
  2 phantoms
  3 ogres
  A necrophage (D:6)
  2 centaurs
  A big kobold (D:8)
  3 bullfrogs
  A scorpion (D:7)
  A water moccasin skeleton (D:8)
  4 killer bees
  4 howler monkeys
  4 crimson imps
  3 hounds
  A gnoll shaman (D:7)
  4 jellies (D:8)
  8 orc priests
  Natasha (thrice) (D:3)
  A centaur skeleton (D:7)
  2 iguanas
  8 orc wizards
  6 worker ants
  Robin (D:3)
  9 gnolls
  11 adders
  2 shadow imps
  8 oozes
  3 worms
  5 dart slugs
  4 leopard geckos
  40 orcs
  13 goblins
  14 hobgoblins
  6 jackals
  12 kobolds
  2 quokkas
  3 ball pythons
  3 bats
  6 frilled lizards
  A leopard gecko skeleton (D:8)
  3 rats
221 creatures vanquished.

Vanquished Creatures (others)
  Psyche (D:8)
1 creature vanquished.

Grand Total: 222 creatures vanquished

Notes
Turn   | Place    | Note
-------+----------+-------------------------------------------
     0 | D:1      | tatocazan the Minotaur Fighter began the quest for the Orb.
     0 | D:1      | Reached XP level 1. HP: 19/19 MP: 0/0
   388 | D:1      | Reached skill level 3 in Long Blades
   476 | D:1      | Reached XP level 2. HP: 27/27 MP: 1/1
   568 | D:1      | Reached XP level 3. HP: 28/33 MP: 2/2
   760 | D:2      | Reached skill level 4 in Long Blades
   847 | D:2      | Noticed a phantom
   849 | D:2      | Found an ancient bone altar of Kikubaaqudgha.
   851 | D:2      | Noticed Menkaure
   858 | D:2      | Found a transporter.
   860 | D:2      | Found a transporter.
   937 | D:2      | Found a basalt altar of Yredelemnul.
  1574 | D:2      | Found an opulent altar of Gozag.
  1574 | D:2      | Found a stormy altar of Qazlal.
  1628 | D:3      | Reached XP level 4. HP: 41/41 MP: 3/3
  1884 | D:3      | Noticed Robin
  1897 | D:3      | Killed Robin
  1897 | D:3      | Reached skill level 5 in Long Blades
  2134 | D:3      | Reached XP level 5. HP: 23/47 MP: 4/4
  2140 | D:3      | HP: 2/47 [orc/+0 falchion (1)]
  2591 | D:3      | Noticed Natasha
  2594 | D:3      | Killed Natasha
  2594 | D:3      | Reached skill level 5 in Fighting
  2631 | D:3      | Found an ornate altar of the Wu Jian Council.
  2734 | D:3      | Reached skill level 6 in Long Blades
  2810 | D:3      | Found a shimmering altar of Xom.
  2997 | D:3      | Reached XP level 6. HP: 29/56 MP: 5/5
  3365 | D:3      | Noticed Natasha
  3369 | D:3      | Killed Natasha
  3530 | D:3      | Noticed Natasha
  3536 | D:3      | Killed Natasha
  3568 | D:4      | Reached skill level 7 in Long Blades
  3689 | D:3      | Reached XP level 7. HP: 18/63 MP: 6/6
  4476 | D:4      | Reached skill level 8 in Long Blades
  5287 | D:5      | Entered Level 5 of the Dungeon
  5312 | D:5      | Found a white marble altar of Elyvilon.
  5376 | D:5      | Got an ichor-stained cloak
  5382 | D:5      | Identified the +0 cloak of the Bagpipe {MR+ Dex-3 SInv
                  | Stlth+} (You found it on level 5 of the Dungeon)
  5397 | D:5      | Found a glowing silver altar of Zin.
  5486 | D:5      | Reached skill level 9 in Long Blades
  5764 | D:6      | Reached XP level 8. HP: 55/73 MP: 7/7
  5876 | D:6      | Found a staircase to the Ecumenical Temple.
  5908 | D:6      | Noticed Grinder
  5923 | D:6      | Killed Grinder
  5923 | D:6      | Reached skill level 10 in Long Blades
  5997 | D:6      | Noticed Sigmund
  6002 | D:6      | Killed Sigmund
  6002 | D:6      | Reached skill level 11 in Long Blades
  6383 | Temple   | Entered the Ecumenical Temple
  6415 | Temple   | Became a worshipper of Warmaster Okawaru
  6450 | D:6      | Reached skill level 12 in Long Blades
  6465 | D:6      | Found a sparkling altar of Nemelex Xobeh.
  6713 | D:7      | Reached XP level 9. HP: 82/82 MP: 8/8
  6737 | D:7      | Reached skill level 13 in Long Blades
  7538 | D:7      | Reached * piety under Okawaru
  7758 | D:7      | Reached skill level 14 in Long Blades
  7974 | D:7      | Found a radiant altar of Vehumet.
  7974 | D:7      | Found a burning altar of Makhleb.
  8322 | D:8      | Reached skill level 10 in Fighting
  8333 | D:8      | Reached skill level 15 in Long Blades
  8569 | D:8      | Reached ** piety under Okawaru
  8594 | D:8      | Reached skill level 16 in Long Blades
  8594 | D:8      | Reached XP level 10. HP: 91/94 MP: 9/9
  8642 | D:8      | Noticed Psyche
  8662 | D:8      | Killed Psyche
  9365 | D:8      | Noticed a deep elf mage
  9366 | D:8      | Noticed an orange demon
  9374 | D:8      | HP: 3/94 [orange demon[a deep elf mage] (5)]
  9375 | D:8      | HP: 1/94 [hell rat[a deep elf mage] (12)]
  9375 | D:8      | Slain by a hell rat

Vault maps used:
D:1:      dpeg_chamrin_arrival_tetris
D:2:      gammafunk_temple_of_torment, gammafunk_temple_overflow_elements,
          first_ration
D:3:      minmay_angry_zag, overflow_temple_1_default,
          overflow_temple_1_default, uniq_robin, uniq_natasha
D:4:      nicolae_ossuary_entry_false_entrances
D:5:      marbit_many_paths, basic_altar, minivault_1, grunt_ministairs_9
D:6:      nicolae_overflow_crystal_walls, minmay_temple_entry_tees,
          abandoned_shop, minmay_manual_monstrance, uniq_sigmund, uniq_grinder
D:7:      grunt_temple_overflow_lords_of_destruction
D:8:      cheibrodos_quashed, hangedman_little_slice_of_home,
          guppyfry_early_elven_hall, uniq_psyche
Temple:   nicolae_temple_hex_pool

Skill      XL: |  1  2  3  4  5  6  7  8  9 |
---------------+----------------------------+-----
Long Blades    | 3 4 5 6 7 9 12 16 | 16.6
Fighting       | 4 5 6 7 8 10 | 10.8
Armour         | |  3.6
Shields        | |  3.6

Action                   |  1- 3 |  4- 6 |  7- 9 | 10-12 || total
-------------------------+-------+-------+-------+-------++-------
Melee: Long sword        |    83 |   154 |   386 |    40 ||   663
       Headbutt          |     6 |    20 |    77 |     9 ||   112
 Abil: Evoke Berserk Rag |     1 |     4 |     2 |       ||     7
Evoke: Wand              |       |       |       |     3 ||     3
  Use: Scroll            |       |     6 |       |       ||     6
       Potion            |       |       |     3 |     1 ||     4
  Eat: Chunk             |     3 |     6 |    16 |     2 ||    27
       Ration            |       |     1 |     2 |       ||     3
Armor: Scale mail        |    25 |    59 |   130 |    18 ||   232
Dodge: Dodged            |    26 |    60 |    95 |    13 ||   194
Block: Shield            |    39 |    95 |   154 |    25 ||   313
       Rpst.: Long sword |    10 |    15 |    28 |     3 ||    56

Table legend:
 A = Non-vault XP
 B = Vault XP
 C = Vault XP percentage of total XP
 D = Non-vault monster count
 E = Vault monster count
 F = Vault count percentage of total count
                 A         B        C        D         E       F
            +---------+---------+-------+---------+---------+-------
      Total |    5283 |    1236 |  19.0 |     184 |      38 |  17.1
            +---------+---------+-------+---------+---------+-------
        D:1 |      45 |       0 |   0.0 |      15 |       0 |   0.0
        D:2 |      46 |       0 |   0.0 |      15 |       0 |   0.0
        D:3 |     329 |     129 |  28.2 |      41 |      20 |  32.8
        D:4 |     596 |       0 |   0.0 |      28 |       0 |   0.0
        D:5 |     157 |      73 |  31.7 |       6 |       2 |  25.0
        D:6 |     732 |     683 |  48.3 |      21 |       6 |  22.2
        D:7 |    1321 |      48 |   3.5 |      30 |       1 |   3.2
        D:8 |    2057 |     303 |  12.8 |      28 |       9 |  24.3
            +---------+---------+-------+---------+---------+-------
